 Dungeon Crawl Stone Soup version 0.27-a0-1200-g94dc6ad4cf (webtiles) character file.

Game seed: 393638305675144278

42 lightspider the Firebug (level 3, 0/30 HPs)
             Began as a Tengu Fire Elementalist on June 1, 2021.
             Succumbed to an adder's poison
             ... on level 1 of the Dungeon.
             The game lasted 00:09:10 (1837 turns).

lightspider the Firebug (Tengu Fire Elementalist)   Turns: 1837, Time: 00:09:10

Health: 0/30       AC: 21    Str:  9    XL:     3   Next: 54%
Magic:  2/7        EV:  2    Int: 15    God:
Gold:   749        SH:  0    Dex: 20    Spells: 2/6 levels left

rFire    . . .     SeeInvis .   l - +1 spear (venom)
rCold    . . .     Faith    .   (no shield)
rNeg     + + +     Spirit   .   (armour currently unavailable)
rPois    +         Reflect  .   (helmet currently unavailable)
rElec    .         Harm     .   (cloak currently unavailable)
rCorr    .         Rampage  .   (gloves currently unavailable)
Will     .....     NoTele   +   (boots unavailable)
Stlth    ++........             (no amulet)
HPRegen  0.10/turn              f - +6 ring of dexterity
MPRegen  0.10/turn              m - +4 ring of evasion

@: lethally poisoned (0 -> -2), tree-form
A: stationary, stasis, torment immunity, boosted hp, (beak), (talons 3)
a: no special abilities


You were on level 1 of the Dungeon.
You were a tree.
You visited 1 branch of the dungeon, and saw 3 of its levels.

You collected 749 gold pieces.

Inventory:

Hand Weapons
 d - a +0 short sword
 e - a +1 dagger of venom
 l - a +1 spear of venom (weapon)
Missiles
 c - 12 sling bullets
Armour
 a - a +0 robe (melded)
Jewellery
 f - a +6 ring of dexterity (left branch)
 m - a +4 ring of evasion (right branch)
Wands
 h - a wand of polymorph (5)
Scrolls
 b - a scroll of identify {unknown}


   Skills:
 + Level 1.4 Fighting
 + Level 0.2 Polearms
 + Level 2.4 Dodging
 - Level 2.0 Stealth
 + Level 1.4 Unarmed Combat
 + Level 2.1 Spellcasting
 + Level 2.0 Conjurations
 + Level 3.5 Fire Magic


You had 2 spell levels left.
You knew the following spells:

 Your Spells              Type           Power      Damage    Failure   Level
a - Foxfire               Conj/Fire      36%        2x1d5     7%          1
b - Conjure Flame         Conj/Fire      9%         6-21      22%         3

Your spell library contained the following spells:

 Spells                   Type           Power      Damage    Failure   Level
 Inner Flame              Hex/Fire       6%         N/A       32%         3
 Sticky Flame             Conj/Fire      9%         2d3       56%         4
 Fireball                 Conj/Fire      4%         3d4       89%         5


Dungeon Overview and Level Annotations

Branches:
Dungeon (3/15)

Altars:


Innate Abilities, Weirdness & Mutations

You are a tree.
Your roots penetrate the ground, keeping you stationary.
You cannot be teleported.
You are immune to unholy pain and torment.
Your maximum health is greatly increased.
Your equipment is partially melded.
((You have a beak for a mouth.))
((You have claws for feet.))


Message History

The adder poisons you!
You feel sick.
There is a stone staircase leading up here.
You feel sick. The adder misses you.
You climb upwards.
You feel sick.
There is a stone staircase leading down here.
You feel sick.
You feel sick. The adder bites you.
* * * LOW HITPOINT WARNING * * *
You feel sick.
You are no longer poisoned.
It was a potion of curing.
You feel better. The adder bites you. The adder barely misses you.
Casting: Foxfire (safe; 7% risk of failure)
Confirm with . or Enter, or press ? or * to list all spells.
You conjure some foxfire!
The adder bites you.
You are poisoned.
The adder poisons you!
You feel sick.
The foxfire hits the adder.
The adder is heavily wounded.
The foxfire hits the adder.
The adder is severely wounded.
Casting: Foxfire (safe; 7% risk of failure)
Confirm with . or Enter, or press ? or * to list all spells.
You conjure some foxfire!
You feel sick. The adder bites you.
* * * LOW HITPOINT WARNING * * *
The adder closely misses you.
It was a potion of lignification.
You turn into a tree.
Your +0 robe melds into your body.
Your roots penetrate the ground.
* * * LOW HITPOINT WARNING * * *
You feel sick.
The foxfire hits the adder.
The adder is severely wounded.
The foxfire hits the adder.
The adder is almost dead.
The adder bites you.
* * * LOW HITPOINT WARNING * * *
Casting: Foxfire (safe; 7% risk of failure)
Confirm with . or Enter, or press ? or * to list all spells.
You conjure some foxfire!
You die...

#......# #.####.# #.# #.#
##########.####>#
##............##.# #######
#..########.#.##.# #.....#####
...## ###.#.##.# #......)..#
....# #......vS# #......##.#
...## #.#.....♣# #.....).... ..##
#.....##v# #.....###.# #.#
#.###.##.# #####..## #.# #.#
#[#...##.# #....†..###.# #+##
##........# #.###.......# ...##
#.......### #.# #...##### ....##
#.##.##.# #.# #...# ##
.....###.##.##.# ##.###...# ##.
......##.#...#.#####........###..


You could see an adder (ally target).

Vanquished Creatures
  2 dart slugs
  4 endoplasms
  A giant cockroach (D:2)
  7 goblins
  3 hobgoblins
  A quokka (D:1)
  2 ball pythons
  3 bats
  3 frilled lizards
  5 kobolds
  3 rats
34 creatures vanquished.

Vanquished Creatures (others)
  68 foxfires
68 creatures vanquished.

Grand Total: 102 creatures vanquished

Notes
Turn   | Place    | Note
-------+----------+-------------------------------------------
     0 | D:1      | lightspider the Tengu Fire Elementalist began the quest for
                  | the Orb.
     0 | D:1      | Reached XP level 1. HP: 10/10 MP: 4/4
   223 | D:1      | Reached skill level 1 in Fighting
   223 | D:1      | Reached skill level 1 in Unarmed Combat
   223 | D:1      | Reached XP level 2. HP: 16/16 MP: 3/6
  1201 | D:2      | Reached XP level 3. HP: 17/20 MP: 4/7
  1282 | D:2      | Found a faded altar of an unknown god.
  1536 | D:2      | Learned a level 3 spell: Conjure Flame
  1552 | D:2      | Noticed an ogre
  1576 | D:3      | Found Gowkeg's Assorted Antiques.
  1651 | D:2      | Identified a scroll of acquirement
  1651 | D:2      | Acquired 679 gold pieces
  1836 | D:1      | HP: 1/30 [adder (2)]
  1837 | D:1      | Succumbed to an adder's poison

Illustrated notes

Levels and vault maps discovered:
D:1:      amcnicky_arrival_feature_with_door, layout_loops_corners,
          hangedman_abyss_or_decor_stabs
D:2:      minmay_alternating_diamond, layout_basic,
          ebering_ecumenical_altar_sacrificial
D:3:      layout_rooms, nicolae_overflow_hidden_temple, serial_shops, shop,
          ebering_dispersal_statue_hall, serial_park_tiny_1, grunt_ministairs_13

Skill      XL: |  1  2  3 |
---------------+----------+-----
Fighting       | 1 |  1.4
Unarmed Combat | 1 |  1.4
Conjurations   | 2 |  2.0
Polearms       | |  0.2
Dodging        | |  2.4
Stealth        | |  2.0
Spellcasting   | |  2.1
Fire Magic     | |  3.5

Action                   || total
-------------------------++-------
Melee: Short sword       ||     5
       Kick              ||     7
       Dagger            ||    12
       Spear             ||    11
       Peck              ||     1
       Punch             ||     1
 Cast: Foxfire           ||    44
  Use: Scroll            ||     3
       Potion            ||     2
Armor: Robe              ||     5
Dodge: Dodged            ||    23

Table legend: (Time is in decaauts)
 A = Elapsed time spent in this place.
 B = Non-inter-level travel time spent in this place.
 C = Inter-level travel time spent in this place.
 D = Time resting spent in this place.
 E = Time spent auto-exploring this place.
 F = Levels seen in this place.
 G = Mean time per level.
                   A        B        C        D        E       F      G
               +--------+--------+--------+--------+--------+-----+--------+
         Total |   1837 |   1777 |     60 |    379 |   1076 |   3 |  612.3 |
       Dungeon |   1837 |   1777 |     60 |    379 |   1076 |   3 |  612.3 |
               +--------+--------+--------+--------+--------+-----+--------+

Top non-repeatable levels by time:
     D:1: 1208 daAuts
     D:2: 562 daAuts
     D:3: 66 daAuts
